 Dungeon Crawl Stone Soup version 0.30.0-10-gfe55d96785 (webtiles) character file.

Game seed: 5280293844314161542

28 KamiKatze the Shield-Bearer (level 3, -1/19 HPs)
             Began as a Vine Stalker Fighter on May 16, 2023.
             Slain by Sigmund
             ... wielding a +0 scythe
              (3 damage)
             ... on level 2 of the Dungeon.
             The game lasted 00:01:36 (554 turns).

KamiKatze the Shield-Bearer (Vine Stalker Fighter)   Turns: 554, Time: 00:01:37

Health: -1/19      AC:  6    Str: 18    XL:     3   Next: 14%
Magic:  0/4        EV:  9    Int:  8    God:
Gold:   27         SH:  5    Dex: 15    Spells: 2/2 levels left

rFire   . . .        a - +0 rapier
rCold   . . .        c - +0 buckler
rNeg    . . .        b - +0 scale mail
rPois   .            (no helmet)
rElec   .            (no cloak)
rCorr   .            (no gloves)
SInv    .            (no boots)
Will    .....        (no amulet) Stlth
                     (no ring)
HPRegen 0.23/turn    (no ring)
MPRegen 0.09/turn

%: guardian spirit
@: no status effects
A: fangs 2, magic shield, antimagic bite, no potion heal 2
a: no special abilities


You were on level 2 of the Dungeon.
You visited 1 branch of the dungeon, and saw 2 of its levels.

You collected 27 gold pieces.

Inventory:

Hand Weapons
 a - a +0 rapier (weapon)
Armour
 b - a +0 scale mail (worn)
 c - a +0 buckler (worn)
Scrolls
 e - 2 scrolls of identify {unknown}
 f - a scroll of amnesia {unknown}
 g - a scroll of immolation {unknown}
 h - a scroll of magic mapping {unknown}
Potions
 d - a potion of might


   Skills:
 + Level 2.8 Fighting
 * Level 2.4 Short Blades
 + Level 0.4 Throwing
 + Level 2.5 Armour
 + Level 0.3 Dodging
 + Level 2.8 Shields
 + Level 0.4 Evocations


You had 2 spell levels left.
You didn't know any spells.
Your spell library was empty.

Dungeon Overview and Level Annotations

Branches:
Dungeon (2/15)

Altars:

Annotations:
D:2 Natasha, Sigmund


Innate Abilities, Weirdness & Mutations

You have extremely sharp teeth.
When hurt, damage is shared between your health and your magic reserves.
Your bite disrupts and absorbs the magic of your enemies.
Potions cannot restore your health.


Message History

There is an open door here.
There is a stone staircase leading down here.
You climb downwards.
Natasha hisses angrily.
The adder hisses angrily.
Found a fuming clear potion, a lumpy golden potion and 10 gold pieces.
There is a stone staircase leading up here.
Unknown command.
You hit Sigmund.
Sigmund is lightly wounded.
Sigmund casts a spell.
Sigmund flickers and vanishes!
Deactivating autopickup; reactivate with Ctrl-A.
Something hits you but does no damage.
You completely miss the adder. The adder barely misses you.
You block the adder's attack.
You barely miss the adder. Something hits you but does no damage.
The adder closely misses you.
You hit Natasha.
Natasha is lightly wounded.
The adder bites you. Something hits you. Natasha claws you.
The adder bites you but does no damage.
You are too injured to fight recklessly!
You are too injured to fight recklessly!
Unknown command.
You are too injured to fight recklessly!
You barely miss Natasha.
Natasha is lightly wounded.
You block the giant cockroach's attack. The adder barely misses you.
Natasha claws you but does no damage. Something hits you!
* * * LOW HITPOINT WARNING * * *
The giant cockroach bites you but does no damage.
Unknown command.
You closely miss Natasha.
Natasha is lightly wounded.
The adder closely misses you. Natasha claws you.
* * * LOW HITPOINT WARNING * * *
The giant cockroach bites you but does no damage.
The adder bites you but does no damage. Natasha barely misses you.
Something hits you.
You die...

####
###########...#
#...........#
#.!...{<....#
#......h@S.##
+......B........
#!..........####
#.......$...#
#..........##
#..........#
########...#
###.#


You could see Natasha, an adder and a giant cockroach.

Vanquished Creatures
  A dart slug (D:1)
  4 ball pythons (D:1)
  2 bats (D:1)
  2 endoplasms (D:1)
  2 giant cockroaches (D:1)
  A goblin (D:1)
  A hobgoblin (D:1)
  4 quokkas (D:1)
  3 kobolds (D:1)
  2 rats (D:1)
22 creatures vanquished.

Notes
Turn   | Place    | Note
-------+----------+-------------------------------------------
     0 | D:1      | KamiKatze the Vine Stalker Fighter began the quest for the
                  | Orb.
     0 | D:1      | Reached XP level 1. HP: 11/11 MP: 2/2
    81 | D:1      | Reached XP level 2. HP: 6/16 MP: 1/3
   372 | D:1      | Reached XP level 3. HP: 16/19 MP: 4/4
   547 | D:2      | Noticed Sigmund
   547 | D:2      | Noticed Natasha
   554 | D:2      | Slain by Sigmund

Illustrated notes

Levels and vault maps discovered:
D:1:      lightli_arrival_quake, layout_rooms
D:2:      layout_basic, basic_altar, serial_shops, nicolae_shop_crystal,
          nicolae_shop_bloodbath_and_beyond, minmay_tripent, uniq_sigmund,
          uniq_natasha, uniq_jessica

Skill      XL: |  1 |
---------------+----+-----
Short Blades   | 2 |  2.4
Fighting       | |  2.8
Throwing       | |  0.4
Armour         | |  2.5
Dodging        | |  0.3
Shields        | |  2.8
Evocations     | |  0.4

Action                     || total
---------------------------++-------
  Melee: Rapier            ||    85
         Bite              ||    15
 Armour: Scale mail        ||    39
  Dodge: Dodged            ||    45
  Block: Buckler           ||    20
